 Dungeon Crawl Stone Soup version 0.21.1-1-g345015f (webtiles) character file.

50 Kagorn the Skirmisher (level 3, 0/36 HPs)
             Began as a Gargoyle Berserker on June 29, 2018.
             Was a Follower of Trog.
             Slain by an orc priest
             ... wielding a +0 short sword
              (1 damage)
             ... on level 2 of the Dungeon.
             The game lasted 00:03:24 (1289 turns).

Kagorn the Skirmisher (Gargoyle Berserker)          Turns: 1289, Time: 00:03:25

Health: 0/36       AC:  5    Str: 25    XL:     3   Next: 79%
Magic:  3/3        EV: 12    Int:  7    God:    Trog [*.....]
Gold:   94         SH:  0    Dex: 10    Spells: 2/2 levels left

rFire    . . .     SeeInvis .   a - +0 falchion
rCold    . . .     Gourm    .   (no shield)
rNeg     + . .     Faith    .   b - +0 animal skin
rPois    ∞         Spirit   .   (no helmet)
rElec    +         Reflect  .   (no cloak)
rCorr    .         Harm     .   (no gloves)
MR       .....                  (no boots)
Stlth    ..........             (no amulet)
HPRegen  0.12/turn              (no ring)
MPRegen  0.08/turn              (no ring)

@: berserking, very quick
A: negative energy resistance 1, electricity resistance, unbreathing,
petrification resistance, rot immunity, AC +3
a: Berserk, Burn Spellbooks, Renounce Religion


You were on level 2 of the Dungeon.
You worshipped Trog.
Trog was aware of your devotion.
You were not hungry.

You visited 1 branch of the dungeon, and saw 2 of its levels.

You collected 94 gold pieces.

Inventory:

Hand Weapons
 a - a +0 falchion (weapon)
 f - a +0 mace of draining
Armour
 b - a +0 animal skin (worn)
Scrolls
 d - 2 scrolls of remove curse {unknown}
 h - 2 scrolls of fear {unknown}
 j - a scroll of enchant weapon {unknown}
 m - a scroll of fog {unknown}
Potions
 e - a potion of berserk rage
 g - a potion of invisibility {unknown}
 i - a potion of heal wounds {unknown}
 k - a potion of lignification {unknown}
 l - a potion of magic {unknown}
Comestibles
 c - 2 rations


   Skills:
 * Level 4.0 Fighting
 * Level 3.2 Long Blades
 + Level 2.5 Armour
 + Level 1.8 Dodging
 + Level 1.0 Stealth


You had 2 spell levels left.
You didn't know any spells.

Dungeon Overview and Level Annotations

Branches:
Dungeon (2/15)

Altars:


Innate Abilities, Weirdness & Mutations

You are resistant to torment.
Your stone body is resilient. (AC +3)
You are immune to poison.
You resist negative energy. (rN+)
You are resistant to electric shocks. (rElec)
You can survive without breathing.
You are immune to petrification.
You are immune to rotting.


Message History

You hit the orc priest but do no damage.
The orc priest is lightly wounded.
The orc priest hits you with a short sword.
* * * LOW HITPOINT WARNING * * *
You hit the orc priest but do no damage.
The orc priest is lightly wounded.
The orc priest hits you with a short sword.
* * * LOW HITPOINT WARNING * * *
The orc priest completely misses you.
You hit the orc priest but do no damage.
The orc priest is lightly wounded.
The orc priest looks encouraged for a moment.
You barely miss the orc priest.
The orc priest is lightly wounded.
The orc priest hits you but does no damage.
It was a potion of berserk rage.
A red film seems to cover your vision as you go berserk!
You feel yourself moving faster!
You feel mighty!
The orc priest hits you with a short sword.
You die...

....#.....##.##.###########
....'.....##.##...........#
.####[....#...(....#####.##
.# #............#.# #.# .#
#....##.#.##.#.#####.## .#
#.#####.#.##.#........# .#
#.# #.#.##.########## .#
#.# #.#.##.# .# #.#
#.#.##@# .# #.# #.#.##o# .#
....##.# ## #+####'# ...
..... ....... ........#
..!......#


You could see an orc priest.

Vanquished Creatures
  2 adders (D:2)
  A dart slug (D:2)
  4 orcs (D:2)
  3 giant cockroaches (D:1)
  2 goblins
  5 hobgoblins
  A quokka (D:2)
  A bat (D:1)
  2 frilled lizards (D:1)
  A kobold (D:1)
  5 rats
27 creatures vanquished.

Notes
Turn   | Place    | Note
-------+----------+-------------------------------------------
     0 | D:1      | Kagorn the Gargoyle Berserker began the quest for the Orb.
     0 | D:1      | Reached XP level 1. HP: 14/14 MP: 1/1
   321 | D:1      | Reached XP level 2. HP: 19/19 MP: 2/2
   866 | D:2      | Reached XP level 3. HP: 6/24 MP: 3/3
  1107 | D:2      | Reached skill level 1 in Stealth
  1280 | D:2      | Reached skill level 4 in Fighting
  1286 | D:2      | HP: 1/24 [orc priest/short sword (1)]
  1289 | D:2      | Slain by an orc priest

Skill      XL: |  1  2  3 |
---------------+----------+-----
Long Blades    | 3 |  3.2
Stealth        | 1 |  1.0
Fighting       | 4 |  4.0
Armour         | |  2.5
Dodging        | |  1.8

Action                   || total
-------------------------++-------
Melee: Falchion          ||   106
  Use: Potion            ||     1
  Eat: Ration            ||     1
Armor: Animal skin       ||    30
Dodge: Dodged            ||    57
       Rpst.: Falchion   ||    19
